MID
QUAD CITIES RIVER BANDITS @ BELOIT SNAPPERS
06/12/2099
 
TOP OF THE 1ST
Quad Cities River Bandits batting - Pitching for Beloit Snappers : RHP Malik Olds
Pitching: RHP Malik Olds
Batting: RHB Jim Welch 0-0: Ball
1-0: Called Strike
1-1: Foul Ball, location: 25F
1-2: Ball
2-2: Strikes out looking
Batting: LHB Richard Merino 0-0: Ball
1-0: Called Strike
1-1: Ball
2-1: Ball
3-1: Foul Ball, location: 3F
3-2: SINGLE (Groundball, 5L, EV 85.0 MPH) (infield hit)
Batting: RHB Chris Oakley 0-0: Ball
1-0: Fielders Choice at 2nd, 4-6 (Groundball, 4M, EV 85.0 MPH)
Batting: RHB Cody Shuman 0-0: Called Strike
0-1: Ball
1-1: Fly out, F7 (Flyball, 7, EV 86.9 MPH)
Top of the 1st over - 0 runs, 1 hit, 0 errors, 1 left on base; Quad Cities 0 - Beloit 0
BOTTOM OF THE 1ST
Beloit Snappers batting - Pitching for Quad Cities River Bandits : LHP Will Lepp
Pitching: LHP Will Lepp
Batting: LHB Craig Svare 0-0: Foul Ball, location: 3F
0-1: Ground out 4-3 (Groundball, 34, EV 79.4 MPH)
Batting: RHB David Salinas 0-0: Fly out, F7 (Flyball, 78S, EV 91.3 MPH)
Batting: RHB Justin Hagwood 0-0: Called Strike
0-1: Ball
1-1: SOLO HOME RUN (Flyball, 78XD, EV 98.1 MPH), Distance : 414 ft
Batting: LHB Chris Taylor 0-0: Called Strike
0-1: Ball
1-1: Fly out, F8 (Flyball, 8RS, EV 83.1 MPH)
Bottom of the 1st over - 1 run, 1 hit, 0 errors, 0 left on base; Quad Cities 0 - Beloit 1
TOP OF THE 2ND
Quad Cities River Bandits batting - Pitching for Beloit Snappers : RHP Malik Olds
Batting: RHB Evan White 0-0: Ball
1-0: Foul Ball, location: 9LSF
1-1: Ball
2-1: Called Strike
2-2: Ball
3-2: Fly out, F8 (Line Drive, 8LM, EV 93.8 MPH)
Batting: RHB Paolo Couvreur 0-0: Fly out, F3 (Popup, 3F, EV 71.9 MPH)
Batting: RHB Kymani Biggs 0-0: Ball
1-0: Ball
2-0: Foul Ball, location: 2F
2-1: Called Strike
2-2: Foul Ball, location: 25F
2-2: Foul Ball, location: 9LMF
2-2: Ball
3-2: Foul Ball, location: 23F
3-2: Strikes out swinging
Top of the 2nd over - 0 runs, 0 hits, 0 errors, 0 left on base; Quad Cities 0 - Beloit 1
BOTTOM OF THE 2ND
Beloit Snappers batting - Pitching for Quad Cities River Bandits : LHP Will Lepp
Batting: RHB Curt Lowery 0-0: Ball
1-0: Foul Ball, location: 2F
1-1: Called Strike
1-2: Foul Ball, location: 5F
1-2: Foul Ball, location: 2F
1-2: Ball
2-2: Ball
3-2: Foul Ball, location: 7LMF
3-2: Foul Ball, location: 3SF
3-2: Foul Ball, location: 9LDF
3-2: Foul Ball, location: 2F
3-2: Ground out 5-3 (Groundball, 5, EV 81.3 MPH)
Batting: RHB Matt Winston 0-0: Ball
1-0: Foul Ball, location: 7LSF
1-1: Foul Ball, location: 2F
1-2: Ball
2-2: Strikes out swinging
Batting: SHB Keith Lirette 0-0: Ball
1-0: Foul Ball, location: 2F
1-1: Swinging Strike
1-2: Foul Ball, location: 9LMF
1-2: Foul Ball, location: 2F
1-2: Ball
2-2: Strikes out swinging
Bottom of the 2nd over - 0 runs, 0 hits, 0 errors, 0 left on base; Quad Cities 0 - Beloit 1
TOP OF THE 3RD
Quad Cities River Bandits batting - Pitching for Beloit Snappers : RHP Malik Olds
Batting: RHB Chase Bavaro 0-0: Ball
1-0: Foul Ball, location: 9LMF
1-1: Ball
2-1: Foul Ball, location: 3F
2-2: Fly out, F4 (Line Drive, 4M, EV 66.9 MPH)
Batting: RHB Ricky Hawk 0-0: Ball
1-0: SINGLE (Groundball, 56, EV 90.6 MPH)
Batting: RHB Jim Welch 0-0: Called Strike
0-1: Ball
1-1: Ball
2-1: Foul Ball, location: 7LDF
2-2: Fly out, F8 (Flyball, 8LXD, EV 109.4 MPH)
Batting: LHB Richard Merino 0-0: Ball
1-0: Ball
2-0: Called Strike
2-1: Ball
3-1: Called Strike
3-2: Base on Balls
Ricky Hawk to second
Batting: RHB Chris Oakley 0-0: Ball
1-0: Fly out, F5 (Line Drive, 5L, EV 65.6 MPH)
Top of the 3rd over - 0 runs, 1 hit, 0 errors, 2 left on base; Quad Cities 0 - Beloit 1
BOTTOM OF THE 3RD
Beloit Snappers batting - Pitching for Quad Cities River Bandits : LHP Will Lepp
Batting: SHB Dave Feltham 0-0: Called Strike
0-1: Ball
1-1: Fly out, F8 (Flyball, 8RM, EV 85.0 MPH)
Batting: RHB Chris Makar 0-0: Foul Ball, location: 9LMF
0-1: Ball
1-1: Foul Ball, location: 2F
1-2: Foul Ball, location: 9LDF
1-2: Ball
2-2: Ball
3-2: Ground out 6-3 (Groundball, 6, EV 77.5 MPH)
Batting: LHB Craig Svare 0-0: Ball
1-0: Ground out 1-3 (Groundball, 13, EV 65.0 MPH)
Bottom of the 3rd over - 0 runs, 0 hits, 0 errors, 0 left on base; Quad Cities 0 - Beloit 1
TOP OF THE 4TH
Quad Cities River Bandits batting - Pitching for Beloit Snappers : RHP Malik Olds
Batting: RHB Cody Shuman 0-0: Fly out, F8 (Flyball, 8RM, EV 85.0 MPH)
Batting: RHB Evan White 0-0: Swinging Strike
0-1: Ground out 6-3 (Groundball, 6, EV 91.3 MPH)
Batting: RHB Paolo Couvreur 0-0: Fly out, F9 (Flyball, 89M, EV 81.3 MPH)
Top of the 4th over - 0 runs, 0 hits, 0 errors, 0 left on base; Quad Cities 0 - Beloit 1
BOTTOM OF THE 4TH
Beloit Snappers batting - Pitching for Quad Cities River Bandits : LHP Will Lepp
Batting: RHB David Salinas 0-0: Ball
1-0: Ball
2-0: Ground out 5-3 (Groundball, 5, EV 87.5 MPH)
Batting: RHB Justin Hagwood 0-0: Ball
1-0: Called Strike
1-1: Ball
2-1: Ball
3-1: Called Strike
3-2: Strikes out looking
Batting: LHB Chris Taylor 0-0: Called Strike
0-1: Ball
1-1: Ball
2-1: Foul Ball, location: 2F
2-2: Ball
3-2: Base on Balls
Batting: RHB Curt Lowery 0-0: Called Strike
0-1: Foul Ball, location: 3FF
0-2: Ball
1-2: Strikes out swinging
Bottom of the 4th over - 0 runs, 0 hits, 0 errors, 1 left on base; Quad Cities 0 - Beloit 1
TOP OF THE 5TH
Quad Cities River Bandits batting - Pitching for Beloit Snappers : RHP Malik Olds
Batting: RHB Kymani Biggs 0-0: Ball
1-0: Ball
2-0: Ball
3-0: Called Strike
3-1: DOUBLE (Flyball, 8LXD, EV 105.6 MPH)
Batting: RHB Chase Bavaro 0-0: Foul Ball, location: 25FF
0-1: Ball
1-1: Swinging Strike
1-2: Ball
2-2: SINGLE (Line Drive, 78S, EV 106.9 MPH)
Kymani Biggs to third
Batting: RHB Ricky Hawk 0-0: Called Strike
0-1: Fly out, F6 (Popup, P, EV 74.4 MPH)
Batting: RHB Jim Welch 0-0: Called Strike
0-1: Foul Ball, location: 9LDF
0-2: Ball
1-2: Foul Ball, location: 9LDF
1-2: Fielders Choice at 2nd, 5-4 (Groundball, 56, EV 80.6 MPH)
Kymani Biggs scores
Batting: LHB Richard Merino 0-0: Ball
1-0: Foul Ball, location: 25FF
1-1: Foul Ball, location: 2RF, Error on foul ball, E2
1-2: Foul Ball, location: 3F
1-2: Ball
2-2: Foul Ball, location: 2LF
2-2: Ball
3-2: Foul Ball, location: 7LSF
3-2: SINGLE (Groundball, 56D, EV 98.8 MPH) (infield hit)
Jim Welch to second
Batting: RHB Chris Oakley 0-0: Foul Ball, location: 3FF
0-1: Foul Ball, location: 3F
0-2: Strikes out swinging
Top of the 5th over - 1 run, 3 hits, 1 error, 2 left on base; Quad Cities 1 - Beloit 1
BOTTOM OF THE 5TH
Beloit Snappers batting - Pitching for Quad Cities River Bandits : LHP Will Lepp
Batting: RHB Matt Winston 0-0: Ball
1-0: Ground out 4-3 (Groundball, 4, EV 110.0 MPH)
Batting: SHB Keith Lirette 0-0: Fly out, F9 (Flyball, 9S, EV 87.5 MPH)
Batting: SHB Dave Feltham 0-0: Ball
1-0: Fly out, F8 (Flyball, 8LD, EV 95.6 MPH)
Bottom of the 5th over - 0 runs, 0 hits, 0 errors, 0 left on base; Quad Cities 1 - Beloit 1
TOP OF THE 6TH
Quad Cities River Bandits batting - Pitching for Beloit Snappers : RHP Malik Olds
Batting: RHB Cody Shuman 0-0: Ball
1-0: SOLO HOME RUN (Flyball, 89XD, EV 102.5 MPH), Distance : 389 ft
Batting: RHB Evan White 0-0: Called Strike
0-1: Foul Ball, location: 3DF
0-2: Strikes out swinging
Batting: RHB Paolo Couvreur 0-0: Ball
1-0: Called Strike
1-1: Fly out, F9 (Flyball, 9D, EV 95.0 MPH)
Batting: RHB Kymani Biggs 0-0: Foul Ball, location: 2F
0-1: SINGLE (Line Drive, 8RS, EV 100.0 MPH)
Pitching: RHP Paul Hilborn
Batting: RHB Chase Bavaro 0-0: Called Strike
0-1: Called Strike
0-2: Ball
1-2: Strikes out swinging
Top of the 6th over - 1 run, 2 hits, 0 errors, 1 left on base; Quad Cities 2 - Beloit 1
BOTTOM OF THE 6TH
Beloit Snappers batting - Pitching for Quad Cities River Bandits : LHP Will Lepp
Batting: RHB Chris Makar 0-0: Ball
1-0: Ball
2-0: Called Strike
2-1: Swinging Strike
2-2: Ball
3-2: Foul Ball, location: 9LDF
3-2: Foul Ball, location: 2F
3-2: Base on Balls
Batting: LHB Craig Svare 0-0: Called Strike
0-1: Ball
1-1: Ball
2-1: SINGLE (Groundball, 4MD, EV 100.0 MPH)
Chris Makar to second
Runner from 2nd tries for 3rd, SAFE, throw by CF made to third
Batting: RHB David Salinas 0-0: SINGLE (Groundball, 4S, EV 70.0 MPH) (infield hit)
Chris Makar scores
Craig Svare to second
Batting: RHB Justin Hagwood 0-0: Ball
1-0: Fly out, F9 (Flyball, 9S, EV 78.8 MPH)
Batting: LHB Chris Taylor 0-0: Fielders Choice at 2nd, 1-6 (Groundball, 34S, EV 70.6 MPH)
Craig Svare to third
Batting: RHB Curt Lowery 0-0: Called Strike
0-1: Foul Ball, location: 5FF
0-2: Ball
1-2: Foul Ball, location: 9LSF
1-2: Ball
2-2: Foul Ball, location: 2F
2-2: Fly out, F7 (Flyball, 7LS, EV 91.3 MPH)
Bottom of the 6th over - 1 run, 2 hits, 0 errors, 2 left on base; Quad Cities 2 - Beloit 2
TOP OF THE 7TH
Quad Cities River Bandits batting - Pitching for Beloit Snappers : RHP Paul Hilborn
Batting: RHB Ricky Hawk 0-0: Called Strike
0-1: Fly out, F2 (Popup, 3SF, EV 80.6 MPH)
Batting: RHB Jim Welch 0-0: Ball
1-0: Called Strike
1-1: Ball
2-1: Foul Ball, location: 25F
2-2: Strikes out swinging
Batting: LHB Richard Merino 0-0: DOUBLE (Flyball, 8RXD, EV 103.8 MPH)
Batting: RHB Chris Oakley 0-0: Called Strike
0-1: DOUBLE (Flyball, 8LXD, EV 90.6 MPH)
Richard Merino scores
Batting: RHB Cody Shuman 0-0: Called Strike
0-1: Ball
1-1: Called Strike
1-2: 2-RUN HOME RUN (Flyball, 89XD, EV 111.9 MPH), Distance : 410 ft
Pitching: LHP Josh Murray
Batting: RHB Evan White 0-0: Called Strike
0-1: Ground out 6-3 (Groundball, 6, EV 90.0 MPH)
Top of the 7th over - 3 runs, 3 hits, 0 errors, 0 left on base; Quad Cities 5 - Beloit 2
BOTTOM OF THE 7TH
Beloit Snappers batting - Pitching for Quad Cities River Bandits : LHP Will Lepp
Batting: RHB Matt Winston 0-0: Swinging Strike
0-1: Called Strike
0-2: Ground out U3 (Groundball, 3S, EV 71.3 MPH)
Batting: SHB Keith Lirette 0-0: DOUBLE (Line Drive, 9LD, EV 105.6 MPH)
Batting: SHB Dave Feltham 0-0: Ball
1-0: Foul Ball, location: 5FF
1-1: Ball
2-1: Called Strike
2-2: Strikes out swinging
Batting: RHB Chris Makar 0-0: Ball
1-0: Foul Ball, location: 3F
1-1: SINGLE (Line Drive, 8RS, EV 92.5 MPH)
Keith Lirette to third
Runner from 3rd tries for Home, SAFE, throw by CF to home
Batting: LHB Craig Svare 0-0: Called Strike
0-1: Called Strike
0-2: Ball
1-2: Strikes out looking
Bottom of the 7th over - 1 run, 2 hits, 0 errors, 1 left on base; Quad Cities 5 - Beloit 3
TOP OF THE 8TH
Quad Cities River Bandits batting - Pitching for Beloit Snappers : LHP Josh Murray
Batting: RHB Paolo Couvreur 0-0: Swinging Strike
0-1: Foul Ball, location: 2F
0-2: Ground out 5-3 (Groundball, 56S, EV 88.1 MPH)
Batting: RHB Kymani Biggs 0-0: Ball
1-0: Ground out 5-3 (Groundball, 56S, EV 92.5 MPH)
Batting: RHB Chase Bavaro 0-0: Ball
1-0: Foul Ball, location: 5DF
1-1: Ball
2-1: Foul Ball, location: 2LF
2-2: Ball
3-2: Strikes out swinging
Top of the 8th over - 0 runs, 0 hits, 0 errors, 0 left on base; Quad Cities 5 - Beloit 3
BOTTOM OF THE 8TH
Beloit Snappers batting - Pitching for Quad Cities River Bandits : LHP Will Lepp
Pitching: RHP Willie Martinez
Batting: RHB David Salinas 0-0: Foul Ball, location: 3FF
0-1: Ball
1-1: Foul Ball, location: 2F
1-2: Ball
2-2: Foul Ball, location: 5F
2-2: Strikes out swinging
Pinch Hitting: LHB Andres Rivera 0-0: Ball
1-0: SINGLE (Line Drive, 6D, EV 99.4 MPH)
Batting: LHB Chris Taylor 0-0: Ball
1-0: Foul Ball, location: 2F
1-1: Ball
2-1: Fly out, F5 (Popup, 56, EV 68.8 MPH)
Batting: RHB Curt Lowery 0-0: Ball
1-0: Foul Ball, location: 3FF
1-1: Ground out 4-3 (Groundball, 4D, EV 95.6 MPH)
Bottom of the 8th over - 0 runs, 1 hit, 0 errors, 1 left on base; Quad Cities 5 - Beloit 3
TOP OF THE 9TH
Quad Cities River Bandits batting - Pitching for Beloit Snappers : LHP Josh Murray
Now at 1B: Brett Sarrica
Batting: RHB Ricky Hawk 0-0: Ball
1-0: Swinging Strike
1-1: Ground out 2-3 (Groundball, 2L, EV 64.4 MPH)
Batting: RHB Jim Welch 0-0: Foul Ball, location: 2F
0-1: Ball
1-1: Ball
2-1: Ball
3-1: Called Strike
3-2: Foul Ball, location: 23FF
3-2: Base on Balls
Batting: LHB Richard Merino 0-0: Ball
1-0: Swinging Strike
1-1: Foul Ball, location: 23F
1-2: Ball
2-2: Strikes out swinging
Batting: RHB Chris Oakley 0-0: Called Strike
0-1: Ball
1-1: Ball
2-1: Foul Ball, location: 2F
2-2: Ball
3-2: Foul Ball, location: 3F
3-2: Strikes out swinging
Top of the 9th over - 0 runs, 0 hits, 0 errors, 1 left on base; Quad Cities 5 - Beloit 3
BOTTOM OF THE 9TH
Beloit Snappers batting - Pitching for Quad Cities River Bandits : RHP Willie Martinez
Now at 1B: Adam Reid
Batting: RHB Matt Winston 0-0: Ball
1-0: Foul Ball, location: 2F
1-1: Swinging Strike
1-2: Ball
2-2: Strikes out swinging
Batting: SHB Keith Lirette 0-0: Called Strike
0-1: Swinging Strike
0-2: Foul Ball, location: 2F
0-2: Ball
1-2: Ball
2-2: Strikes out swinging
Batting: SHB Dave Feltham 0-0: Called Strike
0-1: Called Strike
0-2: SINGLE (Line Drive, 9S, EV 103.1 MPH)
Pinch Hitting: LHB Brian Phillips 0-0: Foul Ball, location: 7LMF
0-1: Called Strike
0-2: Foul Ball, location: 2F
0-2: Foul Ball, location: 2F
0-2: Fly out, F7 (Flyball, 78XD, EV 100.6 MPH)
Bottom of the 9th over - 0 runs, 1 hit, 0 errors, 1 left on base; Quad Cities 5 - Beloit 3
Wednesday, May 8th , 2024 - OOTP Baseball 24.11 Build 85